 Dungeon Crawl Stone Soup version 0.23-a0-344-ge122d05 (webtiles) character file.

102 Garbasso the Chopper (level 4, -4/38 HPs)
             Began as a Minotaur Gladiator on Oct 19, 2018.
             Killed by nerve-wracking pain
             ... invoked by an orc priest
              (12 damage)
             ... on level 3 of the Dungeon.
             The game lasted 00:04:30 (1918 turns).

Garbasso the Chopper (Minotaur Gladiator)           Turns: 1918, Time: 00:04:30

Health: -4/38      AC:  6    Str: 19    XL:     4   Next: 49%
Magic:  3/3        EV: 11    Int:  5    God:
Gold:   117        SH:  0    Dex: 12    Spells: 3/3 levels left

rFire    + . .     SeeInvis .   a - +0 war axe
rCold    . . .     Gourm    .   (no shield)
rNeg     . . .     Faith    .   n - +0 scale mail
rPois    +         Spirit   .   c - +0 hat
rElec    .         Reflect  .   (no cloak)
rCorr    .         Harm     .   (no gloves)
MR       .....                  (no boots)
Stlth    ..........             (no amulet)
HPRegen  0.12/turn              o - ring of poison resistance
MPRegen  0.08/turn              t - ring of protection from fire

@: no status effects
A: retaliatory headbutt, horns 2
a: no special abilities


You were on level 3 of the Dungeon.
You were not hungry.

You visited 1 branch of the dungeon, and saw 3 of its levels.

You collected 117 gold pieces.

Inventory:

Hand Weapons
 a - a +0 war axe (weapon)
 b - a +2 hunting sling of flaming
Missiles
 d - 3 throwing nets {=f}
 h - 6 javelins (quivered)
 q - 24 sling bullets
Armour
 c - a +0 hat (worn)
 n - a +0 scale mail (worn)
Jewellery
 o - a ring of poison resistance (left hand)
 t - a ring of protection from fire (right hand)
Wands
 r - a wand of digging (17)
Scrolls
 e - 3 scrolls of fog {unknown}
 i - 6 scrolls of identify {unknown}
 j - 2 scrolls of teleportation {unknown}
 k - 2 scrolls of enchant armour {unknown}
 m - a scroll of immolation {unknown}
 s - a scroll of remove curse {unknown}
Potions
 g - 2 potions of brilliance {unknown}
 l - 2 potions of curing {unknown}
 p - 2 potions of mutation {unknown}
Comestibles
 f - 5 rations


   Skills:
 + Level 3.4 Fighting
 * Level 5.0 Axes
 - Level 2.0 Throwing
 + Level 1.9 Armour
 + Level 3.9 Dodging


You had 3 spell levels left.
You didn't know any spells.
Your spell library was empty.

Dungeon Overview and Level Annotations

Branches:
Dungeon (3/15)

Altars:
Nemelex Xobeh


Innate Abilities, Weirdness & Mutations

You reflexively headbutt those who attack you in melee.
You have a pair of horns on your head.


Message History

Aim: an orc priest, wielding a +0 flail of protection and wearing a +0 scale You shoot a sling bullet.
The sling bullet hits the orc priest!
The sling bullet burns the orc priest.
The orc priest is heavily wounded.
The orc priest invokes the aid of Beogh against you.
Pain shoots through your body!
You are too injured to fight recklessly!
You are too injured to fight recklessly!
You are too injured to fight recklessly!
You are too injured to fight recklessly!
Your +2 hunting sling of flaming stops flaming.
a - a +0 war axe (weapon)
The orc priest mumbles some strange prayers to Beogh against you.
Beogh smites you!
* * * LOW HITPOINT WARNING * * *
You hit the orc priest but do no damage.
The orc priest is heavily wounded.
The orc priest invokes the aid of Beogh against you.
Pain shoots through your body!
You die...

##. #.# ...
...#.# .(.
#..#.# #(.
#..#># #o#
.###..#.###
#o#
)..........
#(#
##....)..
#o#
#....###
#@# #...<#
#.# ##...#
#.# #.#.#
#.# #.#.#
#.# #.#.#
#.# # #.###
#.# .....
#.# .....
##.## #.


You could see 2 orc priests and an orc.

Vanquished Creatures
  Robin (D:2)
  2 oozes
  A worm (D:2)
  A dart slug (D:2)
  2 leopard geckos
  3 orcs
  2 ball pythons (D:1)
  A giant cockroach (D:2)
  17 goblins
  5 hobgoblins
  9 jackals (D:1)
  6 kobolds
  6 bats
  2 frilled lizards (D:1)
  8 rats
66 creatures vanquished.

Notes
Turn   | Place    | Note
-------+----------+-------------------------------------------
     0 | D:1      | Garbasso the Minotaur Gladiator began the quest for the
                  | Orb.
     0 | D:1      | Reached XP level 1. HP: 18/18 MP: 0/0
    64 | D:1      | Reached XP level 2. HP: 25/25 MP: 1/1
    66 | D:1      | Reached skill level 4 in Axes
   172 | D:1      | Reached skill level 1 in Armour
   278 | D:1      | Reached XP level 3. HP: 29/30 MP: 2/2
  1332 | D:2      | Found a sparkling altar of Nemelex Xobeh.
  1341 | D:2      | Reached XP level 4. HP: 35/38 MP: 3/3
  1473 | D:2      | Noticed Robin
  1485 | D:2      | Killed Robin
  1913 | D:3      | Reached skill level 5 in Axes
  1918 | D:3      | Killed from afar by an orc priest

Vault maps used:
D:1:      nzn_arrival_depleted_hourglass
D:2:      nemelex_dance_club_becter, uniq_robin

Skill      XL: |  1  2  3  4 |
---------------+-------------+-----
Axes           | 4 5 |  5.0
Armour         | 1 |  1.9
Fighting       | 3 |  3.4
Throwing       | |  2.0
Dodging        | |  3.9

Action                   |  1- 3 |  4- 6 || total
-------------------------+-------+-------++-------
Melee: War axe           |    69 |    21 ||    90
       Headbutt          |    11 |     1 ||    12
 Fire: Hunting sling     |       |    11 ||    11
  Eat: Chunk             |     1 |     2 ||     3
Armor: Leather armour    |    11 |       ||    11
       Scale mail        |    17 |     8 ||    25
Dodge: Dodged            |    58 |    14 ||    72

Table legend:
 A = Non-vault XP
 B = Vault XP
 C = Vault XP percentage of total XP
 D = Non-vault monster count
 E = Vault monster count
 F = Vault count percentage of total count
                 A         B        C        D         E       F
            +---------+---------+-------+---------+---------+-------
      Total |      98 |      48 |  32.9 |      51 |      15 |  22.7
            +---------+---------+-------+---------+---------+-------
        D:1 |      63 |       0 |   0.0 |      35 |       0 |   0.0
        D:2 |      25 |      48 |  65.8 |      11 |      15 |  57.7
        D:3 |      10 |       0 |   0.0 |       5 |       0 |   0.0
            +---------+---------+-------+---------+---------+-------
